 Dungeon Sprint DCSS version 0.28.0-47-ge53b351184 (webtiles) character file.

Game seed: 12296313393654668728

11000000 Groucho the Formicid Barricade (level 27, -41/249 HPs)
             Began as a Formicid Fighter on Apr 30, 2022.
             Was the Champion of Makhleb.
             Killed from afar by The Defiler (115 damage)
             ... with a fireball
             ... in the Dungeon (Sprint VIII: "Arena of Blood").
             The game lasted 00:06:29 (110 turns).

Groucho the Formicid Barricade (Formicid Fighter)    Turns: 110, Time: 00:06:30

Health: -41/249    AC: 13    Str: 23    XL:     27
Magic:  37/54      EV: 29    Int: 10    God:    Makhleb [******]
Gold:   0          SH: 12    Dex: 20    Spells: 80/80 levels left

rFire   . . .      SeeInvis +   h - +∞ Axe of Woe
rCold   . . .      Faith    .   c - +0 buckler
rNeg    . . .      Spirit   .   b - +0 scale mail
rPois   .          Reflect  .   (helmet unavailable)
rElec   .          Harm     .   (no cloak)
rCorr   .          Rampage  .   (no gloves)
Will    ++...                   (no boots)
Stlth   ++++++++..              (no amulet)
HPRegen 0.51/turn               (no ring)
MPRegen 0.34/turn               (no ring)

@: no status effects
A: permanent stasis, dig shafts and tunnels, antennae 3, four strong arms
a: Dig, Renounce Religion, Minor Destruction, Lesser Servant of Makhleb, Major
Destruction, Greater Servant of Makhleb


You were in the Dungeon.
You worshipped Makhleb.
Makhleb was exalted by your worship.
You visited 1 branch

Inventory:

Hand Weapons
 a - a +0 war axe
 h - the +∞ Axe of Woe (weapon)
   (You found it in the Dungeon)
Armour
 b - a +0 scale mail (worn)
 c - a +0 buckler (worn)
Jewellery
 i - a +30 ring of slaying
 j - a +200 ring of slaying
 k - a +200 ring of slaying
 l - a +200 ring of slaying
 m - a +250 ring of slaying
 n - a +200 ring of slaying
 o - a +200 ring of slaying
Potions
 d - a potion of might
 e - a potion of curing
 g - 2 potions of magic


   Skills:
 O Level 27 Fighting
 O Level 27 Short Blades
 O Level 27 Long Blades
 O Level 27 Axes
 O Level 27 Maces & Flails
 O Level 27 Polearms
 O Level 27 Staves
 O Level 27 Slings
 O Level 27 Bows
 O Level 27 Crossbows
 O Level 27 Throwing
 O Level 27 Armour
 O Level 27 Dodging
 O Level 27 Stealth
 O Level 27 Shields
 O Level 27 Unarmed Combat
 O Level 27 Spellcasting
 O Level 27 Conjurations
 O Level 27 Hexes
 O Level 27 Summonings
 O Level 27 Necromancy
 O Level 27 Translocations
 O Level 27 Transmutations
 O Level 27 Fire Magic
 O Level 27 Ice Magic
 O Level 27 Air Magic
 O Level 27 Earth Magic
 O Level 27 Poison Magic
 O Level 27 Invocations
 O Level 27 Evocations


You had 80 spell levels left.
You didn't know any spells.
Your spell library was empty.

Dungeon Overview and Level Annotations

Branches:
Dungeon (1/1)

Altars:
Makhleb

Annotations:
D The Defiler


Innate Abilities, Weirdness & Mutations

You cannot be hasted, slowed, berserked, paralysed or teleported.
You can dig through walls and to a lower floor.
You have a pair of large antennae on your head. (SInv)
Your four strong arms can wield two-handed weapons with a shield.


Message History

A destroyer comes into view. It is wielding a +9 vorpal great sword.
The eight-headed meat hydra calls on the powers of darkness!
The eight-headed meat hydra convulses!
The meat berserker convulses!
The bag of meat convulses!
The meat berserker convulses!
Your body is wracked with pain!
* * * LOW HITPOINT WARNING * * *
The bag of meat convulses! x4; The meat berserker convulses!
The bag of meat convulses!
You hear a shout! x2
The sculptor of flesh is engulfed in blazing flames.
You hear a shout!
You are too injured to fight recklessly!
Unknown command.
You slice the meat berserker!!
You butcher the meat berserker messily.
You kill the meat berserker!
Makhleb accepts your kill.
You feel better.
You hear a shout! x3
The meat beast is engulfed in blazing flames.
The accursed is engulfed in blazing flames.
You hear a shout! x5; You hear an angry hiss.
You hear an angry squeal.
Unknown command.
You hit the meat berserker but do no damage.
You hew the meat berserker savagely.
You kill the meat berserker!
Makhleb accepts your kill.
You slash the accursed!
You hew the accursed savagely.
You destroy the accursed!
Makhleb accepts your kill.
You feel better.
You feel extremely nervous for a moment...
Pain shoots through your body!
* * * LOW HITPOINT WARNING * * *
You hear a shout! x2
A meat beast comes into view.
You hear a shout!
A meat berserker comes into view. It is wielding a +9 battleaxe.
The Defiler throws fire at you.
The fireball explodes!
The fireball engulfs you!!!!
You die...

O. Lo ..{.{ .O{{
{{#.{{ .o#V §§
{#... ..# {
.2###.o{ {..###.
§.z.oo###V@....
..MWM.☼○○......
{ #D)@°.#
#☼°°§_#{
#☼o○2O#L{{
......)§).)o{○..
......###§§.z.o.
..###... ..###z.
O #... ..# .
#... ..# .....
...


You could see 2 accurseds, 2 meat beasts, a tyrant (fast), an eight-headed meat
hydra, a destroyer, 2 sculptors of flesh, The Defiler, a dread, 3 meat
berserkers and 7 bags of meat.

Vanquished Creatures
  9 hell beasts (D)
  7 royal mummies (D)
  A great orb of eyes (D)
  2 wraiths (D)
  10 vampire knights (D)
  41 ogres (D)
  8 two-headed ogres (D)
  3 liches (D)
  A hydra (D)
  65 orcs (D)
  3 phantoms (D)
  6 skeletal warriors (D)
156 creatures vanquished.

Vanquished Creatures (others)
  2 ogres (D)
  2 two-headed ogres (D)
4 creatures vanquished.

Grand Total: 160 creatures vanquished

Notes
Turn   | Place    | Note
-------+----------+-------------------------------------------
     0 | D        | Found the +∞ Axe of Woe
     0 | D        | Groucho the Formicid Fighter began the quest for the Orb.
     0 | D        | Reached XP level 1. HP: 18/18 MP: 1/1
     4 | D        | Became a worshipper of Makhleb the Destroyer
     5 | D        | Noticed a bag of meat
     6 | D        | Noticed a bag of meat
     8 | D        | Noticed a meat berserker
     8 | D        | Noticed a bag of meat
     8 | D        | Noticed a meat berserker
     9 | D        | Noticed a bag of meat
    11 | D        | Killed a bag of meat
    11 | D        | Killed a bag of meat
    11 | D        | Reached * piety under Makhleb
    11 | D        | Killed a bag of meat
    11 | D        | Noticed a bag of meat
    11 | D        | Noticed a bag of meat
    11 | D        | Noticed a bag of meat
    11 | D        | Noticed a meat berserker
    12 | D        | Reached skill level 15 in Dodging
    12 | D        | Reached XP level 2. HP: 24/24 MP: 2/2
    12 | D        | Reached XP level 3. HP: 29/29 MP: 3/3
    12 | D        | Reached XP level 4. HP: 35/35 MP: 4/4
    12 | D        | Reached XP level 5. HP: 41/41 MP: 5/5
    12 | D        | Reached XP level 6. HP: 47/47 MP: 6/6
    12 | D        | Reached XP level 7. HP: 52/52 MP: 7/7
    12 | D        | Reached XP level 8. HP: 58/58 MP: 8/8
    12 | D        | Reached XP level 9. HP: 64/64 MP: 9/9
    12 | D        | Reached XP level 10. HP: 70/70 MP: 10/10
    12 | D        | Reached XP level 11. HP: 75/75 MP: 11/11
    12 | D        | Reached XP level 12. HP: 81/81 MP: 12/12
    12 | D        | Reached XP level 13. HP: 86/86 MP: 13/13
    12 | D        | Killed a meat berserker
    12 | D        | Noticed a meat berserker
    13 | D        | Reached XP level 14. HP: 60/93 MP: 14/14
    13 | D        | Killed a meat berserker
    13 | D        | Reached ** piety under Makhleb
    13 | D        | Noticed a meat berserker
    15 | D        | Noticed a meat berserker
    16 | D        | Killed a bag of meat
    17 | D        | Reached XP level 15. HP: 71/98 MP: 15/15
    17 | D        | Killed a meat berserker
    17 | D        | Killed a meat berserker
    17 | D        | Reached *** piety under Makhleb
    17 | D        | Noticed a meat berserker
    18 | D        | Reached XP level 16. HP: 90/104 MP: 16/16
    18 | D        | Killed a meat berserker
    19 | D        | Reached skill level 27 in Shields
    19 | D        | Reached **** piety under Makhleb
    20 | D        | Reached skill level 27 in Armour
    20 | D        | Reached XP level 17. HP: 109/109 MP: 17/17
    20 | D        | Noticed a meat berserker
    21 | D        | Killed a meat berserker
    21 | D        | Noticed a large bag of meat
    24 | D        | Killed a large bag of meat
    24 | D        | Killed a meat berserker
    25 | D        | Reached skill level 27 in Axes
    25 | D        | Reached skill level 27 in Dodging
    25 | D        | Reached XP level 18. HP: 89/144 MP: 17/28
    25 | D        | Killed a meat berserker
    25 | D        | Reached ***** piety under Makhleb
    25 | D        | Noticed a meat berserker
    25 | D        | Noticed a meat berserker
    26 | D        | Noticed a large bag of meat
    26 | D        | Noticed a destroyer
    26 | D        | Noticed a meat berserker
    27 | D        | Noticed a meat berserker
    28 | D        | Noticed a destroyer
    28 | D        | Noticed a large bag of meat
    29 | D        | Noticed a meat berserker
    30 | D        | Noticed a large bag of meat
    30 | D        | Noticed a destroyer
    30 | D        | Noticed a meat berserker
    31 | D        | Reached XP level 19. HP: 176/176 MP: 18/35
    31 | D        | Noticed a meat berserker
    31 | D        | Killed a meat berserker
    31 | D        | Killed a meat berserker
    32 | D        | Reached skill level 27 in Fighting
    32 | D        | Reached skill level 27 in Invocations
    32 | D        | Reached skill level 10 in Unarmed Combat
    32 | D        | Noticed a destroyer
    32 | D        | Noticed a meat berserker
    33 | D        | Killed a meat berserker
    33 | D        | Reached ****** piety under Makhleb
    34 | D        | Noticed a destroyer
    34 | D        | Killed a destroyer
    34 | D        | Noticed a destroyer
    35 | D        | Reached XP level 20. HP: 197/197 MP: 18/37
    35 | D        | Killed a large bag of meat
    36 | D        | Reached skill level 27 in Unarmed Combat
    36 | D        | Killed a meat berserker
    36 | D        | Killed a meat berserker
    36 | D        | Killed a meat berserker
    37 | D        | Reached skill level 15 in Maces & Flails
    37 | D        | Reached skill level 15 in Polearms
    37 | D        | Reached skill level 15 in Spellcasting
    37 | D        | Reached XP level 21. HP: 197/204 MP: 19/40
    37 | D        | Noticed a large bag of meat
    38 | D        | Killed a destroyer
    39 | D        | Reached XP level 22. HP: 206/212 MP: 19/45
    40 | D        | Killed a destroyer
    40 | D        | Killed a destroyer
    40 | D        | Killed a meat berserker
    41 | D        | Reached skill level 27 in Stealth
    41 | D        | Killed a meat berserker
    41 | D        | Noticed a meat berserker
    42 | D        | Reached XP level 23. HP: 201/219 MP: 20/53
    42 | D        | Killed a large bag of meat
    42 | D        | Killed a large bag of meat
    42 | D        | Noticed a destroyer
    43 | D        | Reached skill level 27 in Maces & Flails
    43 | D        | Reached skill level 27 in Polearms
    43 | D        | Reached skill level 27 in Spellcasting
    47 | D        | Reached skill level 27 in Staves
    47 | D        | Reached skill level 10 in Evocations
    47 | D        | Reached XP level 24. HP: 201/227 MP: 21/54
    48 | D        | Reached skill level 15 in Evocations
    49 | D        | Reached skill level 27 in Evocations
    49 | D        | Killed a destroyer
    50 | D        | Reached skill level 10 in Short Blades
    50 | D        | Reached skill level 10 in Slings
    50 | D        | Reached skill level 10 in Crossbows
    50 | D        | Reached skill level 10 in Throwing
    50 | D        | Reached XP level 25. HP: 232/234 MP: 22/54
    50 | D        | Killed a large bag of meat
    51 | D        | Killed a destroyer
    52 | D        | Reached skill level 15 in Short Blades
    52 | D        | Reached skill level 15 in Long Blades
    52 | D        | Reached skill level 15 in Crossbows
    52 | D        | Reached skill level 15 in Throwing
    52 | D        | Noticed a tyrant
    54 | D        | Reached skill level 15 in Bows
    54 | D        | Killed a destroyer
    54 | D        | Noticed a large bag of meat
    55 | D        | Reached XP level 26. HP: 207/242 MP: 23/54
    58 | D        | Killed a tyrant
    58 | D        | Noticed a tyrant
    61 | D        | Reached XP level 27. HP: 249/249 MP: 24/54
    64 | D        | Killed a tyrant
    64 | D        | Killed a large bag of meat
    65 | D        | Reached skill level 27 in Slings
    65 | D        | Noticed an accursed
    69 | D        | Noticed an accursed
    70 | D        | Noticed a meat beast
    70 | D        | Noticed a tyrant
    72 | D        | Reached skill level 27 in Short Blades
    72 | D        | Reached skill level 27 in Long Blades
    72 | D        | Reached skill level 27 in Crossbows
    72 | D        | Reached skill level 27 in Throwing
    72 | D        | Noticed a dread
    73 | D        | Noticed a meat beast
    73 | D        | Noticed an accursed
    74 | D        | Reached skill level 27 in Bows
    74 | D        | Reached skill level 1 in Conjurations
    74 | D        | Reached skill level 1 in Summonings
    74 | D        | Reached skill level 1 in Necromancy
    74 | D        | Reached skill level 1 in Translocations
    74 | D        | Reached skill level 1 in Transmutations
    74 | D        | Reached skill level 1 in Fire Magic
    74 | D        | Reached skill level 1 in Ice Magic
    74 | D        | Reached skill level 1 in Air Magic
    74 | D        | Killed a meat beast
    75 | D        | Reached skill level 10 in Transmutations
    75 | D        | Killed an accursed
    76 | D        | Reached skill level 10 in Air Magic
    76 | D        | Reached skill level 15 in Poison Magic
    76 | D        | Killed an accursed
    76 | D        | Noticed an accursed
    77 | D        | Reached skill level 15 in Transmutations
    77 | D        | Killed a meat beast
    78 | D        | Reached skill level 15 in Conjurations
    78 | D        | Reached skill level 15 in Translocations
    80 | D        | Reached skill level 15 in Air Magic
    80 | D        | Killed a dread
    82 | D        | Noticed a meat beast
    82 | D        | Noticed a large bag of meat
    83 | D        | Noticed a meat beast
    84 | D        | Noticed a destroyer
    84 | D        | Noticed a meat beast
    85 | D        | Noticed a dread
    86 | D        | Noticed a destroyer
    86 | D        | Noticed an accursed
    87 | D        | Killed a meat beast
    87 | D        | Noticed a large bag of meat
    88 | D        | Reached skill level 27 in Poison Magic
    88 | D        | Killed a meat beast
    88 | D        | Noticed a meat beast
    88 | D        | Noticed a meat beast
    89 | D        | Reached skill level 27 in Hexes
    89 | D        | Reached skill level 27 in Earth Magic
    89 | D        | Noticed a meat beast
    90 | D        | Noticed an accursed
    91 | D        | Killed a destroyer
    91 | D        | Killed a meat beast
    91 | D        | Killed an accursed
    92 | D        | Reached skill level 27 in Conjurations
    92 | D        | Reached skill level 27 in Summonings
    92 | D        | Reached skill level 27 in Necromancy
    92 | D        | Reached skill level 27 in Translocations
    92 | D        | Reached skill level 27 in Transmutations
    92 | D        | Reached skill level 27 in Fire Magic
    92 | D        | Reached skill level 27 in Ice Magic
    92 | D        | Noticed a tyrant
    92 | D        | Killed a meat beast
    92 | D        | Killed a meat beast
    92 | D        | Noticed a meat beast
    93 | D        | Reached skill level 27 in Air Magic
    93 | D        | Killed a destroyer
    94 | D        | Killed a meat beast
    94 | D        | Killed a large bag of meat
    95 | D        | Killed an accursed
    95 | D        | Noticed an accursed
    96 | D        | Killed a large bag of meat
    97 | D        | Killed a meat beast
    97 | D        | Noticed a large bag of meat
    98 | D        | Killed a dread
    98 | D        | Killed an accursed
    98 | D        | Noticed an accursed
   100 | D        | Noticed a dread
   100 | D        | Noticed a destroyer
   101 | D        | Noticed a destroyer
   103 | D        | Noticed a meat beast
   104 | D        | Noticed The Defiler
   104 | D        | Noticed a tyrant
   104 | D        | Noticed a destroyer
   104 | D        | Killed a large bag of meat
   105 | D        | Killed an accursed
   105 | D        | Killed a tyrant
   105 | D        | Killed a destroyer
   105 | D        | Noticed an accursed
   106 | D        | Noticed a destroyer
   106 | D        | Killed a large bag of meat
   106 | D        | Noticed a tyrant
   108 | D        | Noticed a destroyer
   110 | D        | Killed an accursed
   110 | D        | Noticed a meat beast
   110 | D        | Killed from afar by The Defiler

Illustrated notes

Levels and vault maps discovered:
D:        meatsprint

Skill      XL: |  1  2  3  4  5  6  7  8  9 10 11 12 13 14 15 16 17 18 19 20 21 22 23 24 25 26 27 |
---------------+----------------------------------------------------------------------------------+-----
Axes           | 16 18 20 22 25 27 | 27.0
Armour         | 18 20 22 24 27 | 27.0
Dodging        | 15 17 19 21 23 27 | 27.0
Shields        | 19 21 24 26 27 | 27.0
Fighting       | 13 22 27 | 27.0
Invocations    | 14 24 27 | 27.0
Unarmed Combat | 24 27 | 27.0
Maces & Flails | 15 19 26 27 | 27.0
Polearms       | 15 19 26 27 | 27.0
Stealth        | 19 24 27 | 27.0
Spellcasting   | 15 19 26 27 | 27.0
Staves         | 27 | 27.0
Evocations     | 10 27 | 27.0
Short Blades   | 10 19 23 27 | 27.0
Long Blades    | 9 19 23 27 | 27.0
Slings         | 10 20 24 27 | 27.0
Bows           | 8 16 19 27 | 27.0
Crossbows      | 10 19 23 27 | 27.0
Throwing       | 10 19 23 27 | 27.0
Conjurations   | 27 | 27.0
Hexes          | 27 | 27.0
Summonings     | 27 | 27.0
Necromancy     | 27 | 27.0
Translocations | 27 | 27.0
Transmutations | 27 | 27.0
Fire Magic     | 27 | 27.0
Ice Magic      | 27 | 27.0
Air Magic      | 27 | 27.0
Earth Magic    | 27 | 27.0
Poison Magic   | 27 | 27.0

Action                   |  1- 3 |  4- 6 |  7- 9 | 10-12 | 13-15 | 16-18 | 19-21 | 22-24 | 25-27 || total
-------------------------+-------+-------+-------+-------+-------+-------+-------+-------+-------++-------
Melee: Executioner's axe |     1 |       |       |       |     4 |     9 |     6 |    11 |    52 ||    83
  Use: Potion            |       |       |       |       |       |       |       |       |     1 ||     1
Dodge: Dodged            |       |       |       |       |     1 |       |       |       |     2 ||     3
Block: Buckler           |       |       |       |       |       |       |     2 |       |       ||     2
